 Dungeon Crawl Stone Soup version 0.20.1-1-g8b1a95d (webtiles) character file.

74979 Savaroth the Severer (level 15, -27/147 HPs)
             Began as a Minotaur Berserker on Aug 6, 2017.
             Was the Champion of Trog.
             Hit by a large rock thrown by a cyclops (33 damage)
             ... on level 2 of the Orcish Mines.
             The game lasted 01:28:45 (21237 turns).

Savaroth the Severer (Minotaur Berserker)          Turns: 21237, Time: 01:28:45

Health: -27/147    AC: 23    Str: 27    XL:     15   Next: 8%
Magic:  15/15      EV: 11    Int:  4    God:    Trog [******]
Gold:   1449       SH:  0    Dex: 11    Spells: 14/14 levels left

rFire    . . .     SeeInvis .   f - +4 battleaxe (drain)
rCold    . . .     Gourm    .   (shield currently unavailable)
rNeg     . . .     Faith    .   Q - +1 plate armour
rPois    .         Spirit   .   (helmet restricted)
rElec    .         Reflect  .   X - +1 cloak
rCorr    .         Harm     .   (no gloves)
MR       ++...                  V - +0 pair of boots
Stlth    ..........             T - amulet of regeneration
Regen    0.8/turn               Y - ring of protection from magic
MPRegen  0.2/turn               p - +2 ring of protection

@: berserk cooldown, very slightly contaminated, slowed, very slow
A: retaliatory headbutt, horns 2
a: Berserk, Trog's Hand, Brothers in Arms, Burn Spellbooks, Renounce Religion


You were on level 2 of the Orcish Mines.
You worshipped Trog.
Trog was exalted by your worship.
You were very hungry.

You visited 3 branches of the dungeon, and saw 20 of its levels.
You also visited: Ossuary.

You collected 1449 gold pieces.

Inventory:

Hand Weapons
 a - a +1 antimagic executioner's axe
 f - a +4 battleaxe of draining (weapon)
 q - a +2 hand axe of flaming
Armour
 Q - a +1 plate armour (worn)
 V - a +0 pair of boots (worn)
 X - a +1 cloak (worn)
Jewellery
 n - a +3 ring of dexterity
 p - a +2 ring of protection (right hand)
 H - an uncursed amulet of magic regeneration
 K - an uncursed ring of ice
 T - an amulet of regeneration (around neck)
 Y - a ring of protection from magic (left hand)
 Z - an uncursed ring of protection from cold
Wands
 h - a wand of digging (19/24)
 y - a wand of disintegration (8/24)
 S - a wand of disintegration (10/24)
Scrolls
 d - 10 scrolls of teleportation
 m - 3 scrolls of recharging
 o - 2 scrolls of magic mapping
 r - 6 scrolls of remove curse
 t - a scroll of blinking
 v - a scroll of enchant armour
 z - a scroll of summoning {unknown}
 A - 2 scrolls of fog
 C - 2 scrolls of enchant weapon
 M - a scroll of random uselessness
 R - 2 scrolls of fear {unknown}
Potions
 b - 5 potions of haste
 g - 3 potions of brilliance
 i - a potion of lignification {unknown}
 j - 3 potions of mutation
 l - 5 potions of might {unknown}
 w - 4 potions of heal wounds
 x - a potion of experience {unknown}
 E - 4 potions of curing
 F - 2 potions of resistance
 G - 3 potions of flight
 I - 3 potions of ambrosia {unknown}
 J - 4 potions of agility
 N - a potion of cancellation {unknown}
 O - a potion of berserk rage {unknown}
Comestibles
 c - 12 bread rations
 k - 10 meat rations
 s - a chunk of flesh
 B - 8 royal jellies
 P - 8 fruits


   Skills:
 - Level 17.0 Fighting
 - Level 20.0 Axes
 + Level 14.1 Armour
 + Level 7.1 Dodging
 + Level 1.8 Evocations


You had 14 spell levels left.
You didn't know any spells.

Dungeon Overview and Level Annotations

Branches:
Dungeon (12/15)            Temple (0/1) D:4            Lair (6/6) D:9
  Swamp (0/4) Lair:3       Spider (0/4) Lair:4        Slime (0/5) Lair:5
    Orc (2/2) D:10
    Elf: Orc:2

Altars:
Fedhas
Kikubaaqudgha
Nemelex Xobeh
Qazlal
Ru

Shops:
D:8 (   D:11 ?

Portals:
Trove: D:11 (give 3 potions of resistance)

Annotations:
D:4 Blork the orc
Lair:1 exclusion: oklob plant
Lair:5 exclusion: oklob plant


Innate Abilities, Weirdness & Mutations

You reflexively headbutt those who attack you in melee.
You have a pair of horns on your head.


Message History

The orc warrior barely misses you. The orc warrior barely misses you.
The orc warrior closely misses you.
The orc shoots a bolt.
The bolt closely misses you.
A cyclops comes into view.
The cyclops shouts!
The cyclops throws a large rock.
The large rock hits you!
* * * LOW HITPOINT WARNING * * *
The orc shoots a bolt.
The bolt hits you.
* * * LOW HITPOINT WARNING * * *
Things that are here:
a bolt; a large rock Blink to where?
Press: ? - help, Dir - move target cursor You are very lightly contaminated with residual magic.
As you read the scroll of blinking, it crumbles to dust.
The cyclops throws a large rock.
The large rock hits you!!
* * * LOW HITPOINT WARNING * * *
The cyclops throws a large rock.
The large rock hits you!!
You die...

#..........##..
#####.....(....C..
#.......#..........
##......#..#........
#..........##(.....#
#.......#.##........
#........#.#.......#
#..................
###........@.......
###..............
##..##.......###..
#...##.......##
##.#..........#.#
#######...............
##.##..#.#.............
#............##........
##.##.......#<###......


You could see a cyclops.

Vanquished Creatures
  Rupert (Orc:2)
  An orc warlord (D:10)
  An entropy weaver (Lair:4)
  The ghost of hilaritas the Blocker, a journeyman HOFi of Makhleb (D:10)
  2 catoblepae (Lair:6)
  9 hydras
  A queen ant (Lair:4)
  14 death yaks
  A deep troll shaman (Lair:6)
  3 two-headed ogres
  Sonja (D:10)
  2 unseen horrors
  A lindwurm (Lair:6)
  An orc sorcerer (Orc:1)
  An orb spider (Lair:4)
  A manticore (D:11)
  2 orc knights (Orc:2)
  A cyclops (D:11)
  3 ugly things
  A black mamba (Lair:5)
  13 elephants
  A gargoyle (D:12)
  16 spiny frogs
  A rime drake (Lair:6)
  9 komodo dragons
  5 polar bears
  5 trolls
  Grinder (D:4)
  12 hippogriffs
  24 blink frogs
  A spriggan (D:11)
  3 wyverns
  2 wraiths
  A basilisk (D:11)
  A steam dragon (Lair:2)
  25 yaks
  Grum (D:11)
  The ghost of dvd the Cudgeler, an amateur MiWn of Qazlal (D:6)
  4 wargs
  Menkaure (D:4)
  3 vampire mosquitoes (D:12)
  Edmund (D:4)
  27 soldier ants
  13 water moccasins
  16 orc warriors
  6 ice beasts
  11 porcupines
  4 sky beasts
  A hornet zombie (D:12)
  3 phantoms
  A black bear (Lair:6)
  20 wolves
  6 ogres
  8 centaurs
  15 crocodiles
  17 bullfrogs
  A wyvern zombie (D:9)
  13 scorpions
  10 killer bees
  10 wights
  4 howler monkeys (D:9)
  3 crimson imps
  10 hounds
  3 centaur zombies (Ossuary)
  Crazy Yiuf (D:4)
  3 centaur skeletons
  2 human zombies (Ossuary)
  9 orc priests
  2 bullfrog skeletons
  3 jellies
  10 orc wizards
  6 iguanas
  25 worker ants
  A big kobold zombie (Ossuary)
  3 hound skeletons
  3 mummies (Ossuary)
  14 gnolls
  11 adders
  7 scorpion zombies (Ossuary)
  An ooze (D:2)
  An adder skeleton (D:5)
  3 dart slugs
  10 leopard geckos
  53 orcs
  11 giant cockroaches
  5 goblins
  7 hobgoblins
  7 jackals
  6 kobolds
  6 quokkas
  2 ball pythons (D:1)
  4 bats
  5 frilled lizards
  3 gnoll zombies (Ossuary)
  2 goblin zombies (Ossuary)
  2 hobgoblin zombies (Ossuary)
  2 kobold zombies (Ossuary)
  A leopard gecko skeleton (D:4)
  10 rats
  5 fungi
  4 plants
631 creatures vanquished.

Vanquished Creatures (collateral kills)
  An entropy weaver (Lair:4)
  A spiny frog (Lair:4)
2 creatures vanquished.

Vanquished Creatures (others)
  7 fungi
  7 plants
14 creatures vanquished.

Grand Total: 647 creatures vanquished

Notes
Turn   | Place    | Note
-------+----------+-------------------------------------------
     0 | D:1      | Savaroth the Minotaur Berserker began the quest for the Orb.
     0 | D:1      | Reached XP level 1. HP: 19/19 MP: 0/0
   347 | D:1      | Reached XP level 2. HP: 27/27 MP: 1/1
   809 | D:2      | Reached skill level 4 in Axes
   809 | D:2      | Reached XP level 3. HP: 29/33 MP: 2/2
   879 | D:2      | Reached ** piety under Trog
  1095 | D:2      | Reached XP level 4. HP: 36/40 MP: 3/3
  1817 | D:3      | Reached XP level 5. HP: 47/47 MP: 4/4
  1967 | D:4      | Noticed Edmund
  1972 | D:4      | Killed Edmund
  1972 | D:4      | Reached skill level 5 in Fighting
  1972 | D:4      | Reached skill level 5 in Axes
  1972 | D:4      | Reached XP level 6. HP: 56/56 MP: 5/5
  1974 | D:4      | Reached *** piety under Trog
  2043 | D:4      | Found a staircase to the Ecumenical Temple.
  2292 | D:4      | Found a runed door.
  2431 | D:4      | Noticed Menkaure
  2439 | D:4      | Killed Menkaure
  2439 | D:4      | Reached skill level 5 in Armour
  2643 | D:4      | Noticed Crazy Yiuf
  2643 | D:4      | Noticed Grinder
  2647 | D:4      | Killed Crazy Yiuf
  2647 | D:4      | Reached XP level 7. HP: 62/62 MP: 6/6
  2653 | D:4      | Killed Grinder
  2653 | D:4      | Reached skill level 6 in Axes
  2774 | D:4      | Noticed Blork the orc
  2775 | D:4      | Found a blossoming altar of Fedhas.
  2775 | D:4      | Found a sparkling altar of Nemelex Xobeh.
  2868 | D:5      | Entered Level 5 of the Dungeon
  2881 | D:4      | Reached skill level 5 in Dodging
  3114 | D:5      | Found a sand-covered staircase.
  3138 | Ossuary  | Entered an ossuary
  3166 | Ossuary  | Reached XP level 8. HP: 68/71 MP: 7/7
  3340 | Ossuary  | Reached skill level 7 in Axes
  3418 | Ossuary  | Reached **** piety under Trog
  3467 | Ossuary  | Received a gift from Trog
  4086 | D:5      | Reached XP level 9. HP: 43/81 MP: 8/8
  4310 | D:5      | Found a sacrificial altar of Ru.
  4313 | D:5      | Found an ancient bone altar of Kikubaaqudgha.
  4316 | D:5      | Found a stormy altar of Qazlal.
  4533 | D:6      | Reached skill level 8 in Axes
  4586 | D:6      | Noticed dvd's ghost (amateur MiWn)
  4592 | D:6      | Killed dvd's ghost
  5054 | D:6      | Reached skill level 9 in Axes
  5501 | D:7      | Reached skill level 10 in Axes
  5757 | D:7      | Reached skill level 11 in Axes
  6139 | D:7      | Reached ***** piety under Trog
  6446 | D:7      | Reached skill level 12 in Axes
  6528 | D:8      | Reached XP level 10. HP: 83/88 MP: 9/9
  6763 | D:8      | Received a gift from Trog
  7097 | D:8      | Reached skill level 13 in Axes
  7206 | D:8      | Found Veiloatt's Antique Weapon Boutique.
  7256 | D:9      | Noticed a two-headed ogre
  7264 | D:9      | Killed a two-headed ogre
  7264 | D:9      | Reached skill level 14 in Axes
  7427 | D:9      | Received a gift from Trog
  7524 | D:9      | Noticed a two-headed ogre
  7531 | D:9      | Killed a two-headed ogre
  7531 | D:9      | Reached skill level 15 in Axes
  7711 | D:9      | Found a staircase to the Lair.
  7949 | D:10     | Entered Level 10 of the Dungeon
  8203 | D:10     | Reached XP level 11. HP: 94/94 MP: 10/10
  8209 | D:10     | Noticed hilaritas's ghost (journeyman HOFi)
  8519 | D:10     | Killed hilaritas's ghost
  8634 | D:10     | Reached skill level 16 in Axes
  9238 | D:10     | Found a staircase to the Orcish Mines.
  9275 | D:10     | Killed an unseen horror
  9667 | D:10     | Noticed Sonja
  9697 | D:10     | HP: 4/97 [poisoned by Sonja (curare-tipped needle)]
  9702 | D:10     | HP: 3/97 [poisoned by Sonja (curare-tipped needle)]
  9707 | D:10     | HP: 3/97 [poisoned by Sonja (curare-tipped needle)]
  9712 | D:10     | HP: 3/97 [poisoned by Sonja (curare-tipped needle)]
 10305 | D:10     | Killed Sonja
 10520 | D:11     | Found a portal to a secret trove of treasure.
 10542 | D:11     | Noticed a red ugly thing
 10549 | D:11     | Killed a red ugly thing
 10549 | D:11     | Reached skill level 10 in Fighting
 10669 | D:11     | Noticed Grum
 10707 | D:11     | Killed Grum
 10943 | D:11     | Found Ynteusch's Magic Scroll Shop.
 10962 | D:11     | Noticed a two-headed ogre
 10965 | D:11     | Killed a two-headed ogre
 10966 | D:11     | Noticed a cyan ugly thing
 10975 | D:11     | Killed a cyan ugly thing
 11508 | Lair:1   | Entered Level 1 of the Lair of Beasts
 11779 | Lair:1   | Noticed an oklob plant
 11853 | Lair:1   | Reached XP level 12. HP: 54/115 MP: 11/11
 12815 | Lair:2   | Noticed a six-headed hydra
 12830 | Lair:2   | Killed an 11-headed hydra
 12845 | Lair:2   | Reached skill level 15 in Fighting
 13679 | Lair:2   | Noticed a five-headed hydra
 13689 | Lair:2   | Killed an eight-headed hydra
 14389 | Lair:3   | Found a staircase to the Swamp.
 14394 | Lair:3   | Noticed a seven-headed hydra
 14407 | Lair:3   | Killed a ten-headed hydra
 14927 | Lair:3   | Noticed a six-headed hydra
 14938 | Lair:3   | Killed a one-headed hydra
 15067 | Lair:4   | Reached XP level 13. HP: 129/132 MP: 12/12
 15334 | Lair:4   | Noticed an entropy weaver
 15371 | Lair:4   | HP: 3/132 [poisoned by a queen ant]
 15821 | Lair:4   | Received a gift from Trog
 15821 | Lair:4   | Reached skill level 10 in Armour
 15907 | Lair:4   | Noticed an entropy weaver
 15916 | Lair:4   | Killed an entropy weaver
 16161 | Lair:4   | Killed an entropy weaver
 16719 | Lair:4   | Found a hole to the Spider Nest.
 17125 | Lair:4   | Reached skill level 17 in Axes
 18064 | Lair:5   | Found a staircase to the Slime Pits.
 18117 | Lair:5   | Reached XP level 14. HP: 137/140 MP: 13/13
 18211 | Lair:5   | Received a gift from Trog
 18366 | Lair:6   | Entered Level 6 of the Lair of Beasts
 18390 | Lair:6   | Reached skill level 18 in Axes
 18955 | Lair:6   | Reached skill level 19 in Axes
 20051 | D:12     | Received a gift from Trog
 20329 | D:12     | Reached ****** piety under Trog
 20466 | Orc:1    | Entered Level 1 of the Orcish Mines
 20466 | Orc:1    | Noticed an orc warlord
 20543 | D:10     | Killed an orc warlord
 20543 | D:10     | Reached skill level 20 in Axes
 20746 | Orc:1    | Received a gift from Trog
 21102 | Orc:2    | Entered Level 2 of the Orcish Mines
 21182 | Orc:2    | Noticed Rupert
 21204 | Orc:2    | Paralysed by Rupert for 4 turns
 21209 | Orc:2    | Reached skill level 1 in Evocations
 21209 | Orc:2    | Reached XP level 15. HP: 66/147 MP: 14/14
 21211 | Orc:2    | Killed Rupert
 21236 | Orc:2    | HP: 5/147 [cyclops/large rock (21)]
 21237 | Orc:2    | Hit by a large rock thrown by a cyclops

Skill      XL: |  1  2  3  4  5  6  7  8  9 10 11 12 13 14 15 |
---------------+----------------------------------------------+-----
Fighting       | 4 5 6 8 13 17 | 17.0
Axes           | 4 5 6 7 12 15 16 17 20 | 20.0
Armour         | 3 4 5 6 7 8 12 14 | 14.1
Dodging        | 3 4 5 6 7 |  7.1
Evocations     | 1 |  1.8

Action                   |  1- 3 |  4- 6 |  7- 9 | 10-12 | 13-15 || total
-------------------------+-------+-------+-------+-------+-------++-------
Melee: Hand axe          |    59 |    26 |       |     9 |    27 ||   121
       Headbutt          |     9 |     9 |    56 |   117 |   162 ||   353
       War axe           |       |    46 |   294 |   598 |   121 ||  1059
       Battleaxe         |       |       |       |       |   519 ||   519
Invok: Berserk           |       |     4 |     3 |     7 |     7 ||    21
       Trog's Hand       |       |       |     1 |     2 |       ||     3
       Burn Spellbooks   |       |       |       |     1 |     2 ||     3
       Brothers in Arms  |       |       |       |     4 |     2 ||     6
  Use: Scroll            |       |       |     3 |       |    23 ||    26
       Potion            |       |       |       |       |     5 ||     5
 Stab: Petrifying        |       |       |       |       |     2 ||     2
  Eat: Chunk             |       |     6 |    14 |    28 |    27 ||    75
       Bread ration      |       |     1 |       |       |       ||     1
       Fruit             |       |       |       |     3 |       ||     3
       Meat ration       |       |       |       |     1 |       ||     1
Armor: Animal skin       |     6 |       |       |       |       ||     6
       Ring mail         |    11 |    19 |    69 |       |       ||    99
       Plate armour      |       |       |    21 |   357 |   410 ||   788
Dodge: Dodged            |    34 |    48 |   154 |   195 |   267 ||   698
